 Dungeon Crawl Stone Soup version 0.18-a0-1312-gf98331d (webtiles) character file.

658 M4edhros the Covert (level 7, 0/43 HPs)
             Began as an Octopode Artificer on Feb 15, 2016.
             Succumbed to an orc wizard's poison
             ... on level 4 of the Dungeon.
             The game lasted 00:07:52 (3246 turns).

M4edhros the Covert (Octopode Artificer)            Turns: 3246, Time: 00:07:52

Health: 0/43       AC:  0    Str: 16    XL:     7   Next: 55%
Magic:  10/10      EV: 14    Int: 16    God:    Xom [.....*]
Gold:   69         SH:  0    Dex: 12    Spells: 0 memorised, 6 levels left

rFire  . . .     SeeInvis .     (weapon currently unavailable)
rCold  . . .     Gourm    .     (shield currently unavailable)
rNeg   . . .     Faith    .     (helmet currently unavailable)
rPois  .         Spirit   .     (no amulet)
rElec  .         Dismiss  .     (ring currently unavailable)
rCorr  .         Reflect  .     (ring currently unavailable)
SustAt .         Harm     .     (ring currently unavailable)
MR     .....                    (ring currently unavailable)
Stlth  +++.......               (ring currently unavailable)
                                (ring currently unavailable)
                                (ring currently unavailable)
                                (ring currently unavailable)

@: mighty, lethally poisoned (0 -> -18), pig-form, very quick, not resistant to
hostile enchantments, fairly stealthy
A: almost no armour, amphibious, (8 rings), (constrict 8), (camouflage 0),
(gelatinous body 0)
a: Renounce Religion


You were on level 4 of the Dungeon.
You worshipped Xom.
You were Xom's teddy bear.
You were not hungry.
You were a filthy swine.
You visited 1 branch of the dungeon, and saw 5 of its levels.
You also visited: Ossuary.

You collected 69 gold pieces.

Inventory:

Hand Weapons
 a - a +0 short sword (melded)
 l - a +0 hunting sling
Missiles
 m - 32 stones (quivered)
 s - 22 sling bullets
Jewellery
 e - a ring of stealth (melded)
 g - a +2 ring of dexterity (melded)
 q - a ring of poison resistance (melded)
 u - a ring of fire (melded)
Wands
 b - a wand of flame (0/48)
 c - a wand of enslavement (12/24)
 d - a wand of random effects (0/48)
 t - a wand of polymorph (4/24)
Scrolls
 j - 3 scrolls of magic mapping
 n - 2 scrolls of noise
 o - 2 scrolls of amnesia
 v - a scroll of remove curse
 x - a scroll of fog
Comestibles
 f - 3 bread rations
 i - 4 fruits
 k - a chunk of flesh
 r - 2 slices of pizza


   Skills:
 - Level 1.0 Fighting
 - Level 1.0 Short Blades
 - Level 2.0 Dodging
 - Level 10.1 Stealth
 + Level 5.2 Evocations


You had 6 spell levels left.
You didn't know any spells.

Dungeon Overview and Level Annotations

Branches:
Dungeon (5/15)
 Temple: D:4-7

Altars:
Dithmenos
Makhleb
Xom
Zin

Shops:
D:4 *


Innate Abilities, Weirdness & Mutations

You cannot wear most types of armour.
You are amphibious.
((You can wear up to eight rings at the same time.))
((You can use your tentacles to constrict eight enemies at once.))
((Your skin changes colour to match your surroundings (Stealth).))
((Your rubbery body absorbs attacks (AC +1).))


Message History

* * * LOW HITPOINT WARNING * * *
You feel sick.
Your adder bites the orc.
The orc dies!
* * * LOW HITPOINT WARNING * * *
You feel sick.
You climb upwards.
* * * LOW HITPOINT WARNING * * *
You feel very sick.
There is a stone staircase leading down here.
Evoke which item? (* to show all) (? for menu, Esc to quit)
You have no means to grasp a wand firmly enough.
Drink which item? (? for menu, Esc to quit)
You feel very mighty all of a sudden.
* * * LOW HITPOINT WARNING * * *
You feel sick.
* * * LOW HITPOINT WARNING * * *
You feel sick.
Unknown command.
You die...
Xom giggles madly!

#.# ##.###.# #.# #.#...## #.#
##.##### #.# #.# #
############.##############.# ###
.................#..........###..
................>..##########....
.###########.###.#....###......'.
.# #..# #h.........#....#. .#
#.## ###.##.###...####. .# #.#
#.##.####.#..### .# #.#
#.##........## # .# #.#
#.##.####...# # .# #.# #.##.#
###.#### .# #.# ####.##.# #.....
.# ####.###....##.# #.#.##
.#######..).......#...######.#.##


There were no monsters in sight!

Vanquished Creatures
  A wraith (Ossuary)
  3 ogres (D:4)
  An orc priest (D:4)
  A hound (D:4)
  A jelly (D:4)
  A worker ant (D:3)
  An orc wizard (D:4)
  2 mummies
  A gnoll (D:4)
  3 adders
  2 orcs (D:4)
  2 bats (D:1)
  5 giant cockroaches
  5 goblins
  2 hobgoblins
  3 jackals (D:4)
  2 quokkas (D:3)
  A ball python (D:4)
  4 giant newts
  4 gnoll skeletons (Ossuary)
  6 kobolds
  8 kobold skeletons (Ossuary)
  13 orc skeletons (Ossuary)
  2 rats (D:1)
74 creatures vanquished.

Vanquished Creatures (collateral kills)
  2 gnolls (D:4)
  An orc (D:5)
  A giant newt (D:4)
4 creatures vanquished.

Vanquished Creatures (others)
  An orc (D:5)
1 creature vanquished.

Grand Total: 79 creatures vanquished

Notes
Turn   | Place    | Note
--------------------------------------------------------------
     0 | D:1      | M4edhros the Octopode Artificer began the quest for the Orb.
     0 | D:1      | Reached XP level 1. HP: 13/13 MP: 3/3
   271 | D:1      | Reached XP level 2. HP: 13/18 MP: 4/4
  1035 | D:2      | Found a faded altar to an unknown god.
  1052 | D:2      | Found a shimmering altar of Xom.
  1055 | D:2      | Found a shimmering altar of Xom.
  1055 | D:2      | Found a shimmering altar of Xom.
  1056 | D:2      | Found a shimmering altar of Xom.
  1058 | D:2      | Found a shimmering altar of Xom.
  1060 | D:2      | Became a worshipper of Xom the Capricious
  1085 | D:3      | Reached skill level 4 in Stealth
  1091 | D:3      | XOM: silly message
  1099 | D:3      | Reached XP level 3. HP: 12/23 MP: 5/5
  1255 | D:3      | XOM: silly message
  1293 | D:3      | XOM: colour smoke trail
  1370 | D:3      | Reached skill level 5 in Stealth
  1370 | D:3      | Reached XP level 4. HP: 8/28 MP: 6/6
  1470 | D:4      | Noticed an ogre
  1473 | D:4      | Reached skill level 6 in Stealth
  1664 | D:4      | XOM: fake destruction
  1671 | D:4      | Reached skill level 7 in Stealth
  1671 | D:4      | Reached XP level 5. HP: 24/33 MP: 7/7
  1679 | D:4      | XOM: confusion (+ monsters)
  1746 | D:4      | Found a burning altar of Makhleb.
  1749 | D:4      | Noticed an Executioner
  1750 | D:4      | Found a glowing silver altar of Zin.
  1751 | D:4      | Noticed an angel
  1826 | D:4      | Found a sand-covered staircase.
  1847 | Ossuary  | Entered an ossuary
  1847 | Ossuary  | Noticed a wraith
  1847 | Ossuary  | Noticed a wraith
  1847 | Ossuary  | Noticed a wraith
  2187 | Ossuary  | Reached skill level 8 in Stealth
  2436 | Ossuary  | XOM: harmless Erth miscast
  2513 | Ossuary  | XOM: mild Hex miscast
  2549 | Ossuary  | Reached XP level 6. HP: 26/38 MP: 8/8
  2660 | Ossuary  | Noticed a wraith
  2691 | Ossuary  | XOM: chaos cloud
  2701 | Ossuary  | XOM: mild Chrm miscast
  2719 | Ossuary  | XOM: confusion (+ monsters)
  2727 | Ossuary  | XOM: harmless Hex miscast
  2733 | Ossuary  | Killed a wraith
  2733 | Ossuary  | Reached skill level 9 in Stealth
  2846 | D:4      | Reached skill level 10 in Stealth
  2846 | D:4      | Reached XP level 7. HP: 30/43 MP: 9/9
  2915 | D:4      | Found Someriel's Assorted Antiques.
  2938 | D:4      | XOM: butterfly on damage
  2971 | D:4      | XOM: divination: detect creatures
  2983 | D:4      | XOM: divination: detect creatures
  3114 | D:4      | Reached skill level 5 in Evocations
  3169 | D:5      | Entered Level 5 of the Dungeon
  3200 | D:5      | Found a shadowy altar of Dithmenos.
  3213 | D:5      | XOM: harmless Divn miscast
  3244 | D:4      | HP: 2/43 [poisoned by an orc wizard]
  3246 | D:4      | Succumbed to an orc wizard's poison

Vault maps used:
D:1:      minmay_arrival_widening_spiral_wide
D:2:      nicolae_overflow_hidden_temple, marbit_many_paths, elyvilon_altar_1,
          nicolae_overflow_crystal_walls, ecumenical_altar_1, first_bread,
          xom_redecorated
D:3:      minmay_ogre_servants, uniq_robin
D:4:      grunt_temple_overflow_order_and_chaos_2, serial_shops, shop,
          gup_ossuary_entry_pyramid, grunt_ministairs_9
D:5:      wad_river_or_something, cheibriados_altar_wand_db,
          nicolae_dithmenos_shadow_blocks, basic_altar,
          hangedman_decor_peaks_small
Ossuary:  ossuary_due_mausoleum

Action                   |  1- 3 |  4- 6 |  7- 9 || total
-------------------------+-------+-------+-------++-------
Melee: Short sword       |    47 |    71 |    15 ||   133
Evoke: Wand              |     5 |    20 |    10 ||    35
  Use: Potion            |       |     1 |     5 ||     6
       Scroll            |       |     1 |     8 ||     9
 Stab: Sleeping          |    14 |     9 |     2 ||    25
       Confused          |       |     3 |       ||     3
  Eat: Chunk             |     1 |     2 |       ||     3
       Bread ration      |       |     1 |       ||     1
